 Dungeon Crawl Stone Soup version 0.29-a0-330-g52719c12eb (webtiles) character file.

Game seed: 13966997522832726396

7521 Aelig the Covert (level 11, -7/64 HPs)
             Began as a Kobold Brigand on Apr 25, 2022.
             Was a Priest of Nemelex Xobeh.
             Mangled by a komodo dragon (21 damage)
             ... on level 1 of the Lair of Beasts.
             The game lasted 00:47:02 (13147 turns).

Aelig the Covert (Kobold Brigand)                  Turns: 13147, Time: 00:47:03

Health: -7/64      AC: 11    Str:  8    XL:     11   Next: 38%
Magic:  17/17      EV: 19    Int: 12    God:    Nemelex Xobeh [***...]
Gold:   334        SH:  0    Dex: 22    Spells: 10/10 levels left

rFire   . . .      SeeInvis .   a - +3 dagger (venom)
rCold   + . .      Faith    .   (no shield)
rNeg    . . .      Spirit   .   g - +0 ring mail
rPois   .          Reflect  .   i - +2 hat
rElec   .          Harm     .   c - +0 cloak
rCorr   .          Rampage  .   (no gloves)
Will    .....                   x - +2 pair of boots {Fly}
Stlth   +++++.....              (no amulet)
HPRegen 0.20/turn               k - +4 ring of evasion
MPRegen 0.15/turn               C - ring of protection from cold

@: flying
A: small, no large weapons, nightstalker 3
a: Renounce Religion, Draw Escape, Draw Destruction, Draw Summoning, Triple Draw


You were on level 1 of the Lair of Beasts.
You worshipped Nemelex Xobeh.
Nemelex Xobeh was most pleased with you.
You visited 2 branches of the dungeon, and saw 11 of its levels.

You collected 414 gold pieces.
You spent 80 gold pieces at shops.

Inventory:

Hand Weapons
 a - a +3 dagger of venom (weapon)
 p - a +0 rapier
Missiles
 d - 13 poisoned darts
 e - 3 curare-tipped darts
 f - 15 boomerangs
 h - 253 stones (quivered)
Armour
 c - a +0 cloak (worn)
 g - a +0 ring mail (worn)
 i - a +2 hat (worn)
 x - a +2 pair of boots of flying (worn)
 F - a +0 leather armour of fire resistance
Jewellery
 j - an amulet of magic regeneration
 k - a +4 ring of evasion (left hand)
 C - a ring of protection from cold (right hand)
 L - a ring of fire
Wands
 o - a wand of flame (59)
 I - a wand of digging (2)
Scrolls
 b - a scroll of magic mapping
 l - 2 scrolls of fog
 m - 2 scrolls of immolation
 q - 2 scrolls of blinking
 w - 5 scrolls of teleportation
 y - a scroll of enchant armour
 E - a scroll of identify
Potions
 n - a potion of heal wounds
 r - 2 potions of lignification
 s - 2 potions of cancellation
 t - 2 potions of curing
 u - 2 potions of invisibility
 v - 2 potions of magic
 z - a potion of haste
 A - a potion of attraction
 B - 2 potions of flight
 D - a potion of brilliance
 G - a potion of resistance {unknown}
 J - 2 potions of ambrosia
 K - a potion of mutation {unknown}


   Skills:
 + Level 6.0 Fighting
 - Level 10.0 Short Blades
 - Level 9.0 Throwing
 + Level 5.7 Dodging
 - Level 10.0 Stealth
 + Level 8.7 Invocations
 + Level 5.5 Evocations


You had 10 spell levels left.
You didn't know any spells.
Your spell library contained the following spells:

 Spells                   Type           Power      Damage    Failure   Level
 Beastly Appendage        Tmut           0%         N/A       71%         1
 Shock                    Conj/Air       0%         1d3       71%         1
 Corpse Rot               Necr/Air       0%         N/A       83%         2
 Wereblood                Tmut           0%         N/A       83%         2
 Call Canine Familiar     Summ           0%         N/A       97%         3
 Ignite Poison            Fire/Tmut/Pois 0%         N/A       97%         3
 Mephitic Cloud           Conj/Pois/Air  0%         N/A       97%         3
 Ozocubu's Armour         Ice            0%         N/A       97%         3
 Portal Projectile        Hex/Tloc       0%         N/A       97%         3
 Spider Form              Tmut/Pois      0%         N/A       97%         3
 Swiftness                Air            0%         N/A       97%         3
 Airstrike                Air            0%         N/A       100%        4
 Dispel Undead            Necr           0%         3d6       100%        4
 Leda's Liquefaction      Hex/Erth       0%         N/A       100%        4
 Freezing Cloud           Conj/Ice/Air   0%         6-21      100%        5
 Metabolic Englaciation   Hex/Ice        0%         N/A       100%        5
 Death Channel            Necr           0%         N/A       100%        6
 Simulacrum               Ice/Necr       0%         N/A       100%        6


Dungeon Overview and Level Annotations

Branches:
Dungeon (10/15)            Temple (0/1) D:6            Lair (1/6) D:9
    Orc: D:9-12

Altars:
Ashenzari
Dithmenos
Hepliaklqana
Kikubaaqudgha
Makhleb
Nemelex Xobeh
Okawaru
Sif Muna
Trog
Vehumet
Zin

Shops:
D:3 !

Annotations:
D:2 1 runed translucent door, Crazy Yiuf


Innate Abilities, Weirdness & Mutations

You are small and have problems with some larger weapons.
You are completely attuned to the shadows.


Message History

The komodo dragon is heavily wounded.
You barely miss the komodo dragon.
The komodo dragon is heavily wounded.
The komodo dragon hisses menacingly.
The komodo dragon completely misses you.
You hit the komodo dragon but do no damage.
The komodo dragon looks as sick as possible!
The komodo dragon is heavily wounded.
You barely miss the komodo dragon.
The komodo dragon is heavily wounded.
The komodo dragon bites you!
You hit the komodo dragon.
The komodo dragon is heavily wounded.
You hit the komodo dragon but do no damage.
The komodo dragon looks as sick as possible!
The komodo dragon is heavily wounded.
The komodo dragon barely misses you.
You hit the komodo dragon but do no damage.
The komodo dragon looks as sick as possible!
The komodo dragon is heavily wounded.
You hit the komodo dragon.
The komodo dragon is severely wounded.
The komodo dragon barely misses you.
You hit the komodo dragon.
The komodo dragon looks as sick as possible!
The komodo dragon is severely wounded.
You hit the komodo dragon but do no damage.
The komodo dragon looks as sick as possible!
The komodo dragon is severely wounded.
The komodo dragon bites you!!
* * * LOW HITPOINT WARNING * * *
Okay, then.
You draw a card...
You have drawn the Orb.
Press: ? - help, Shift-Dir - straight line, f/p - komodo dragon
Aim: a komodo dragon (severely wounded, extremely poisoned)
Your orb of destruction hits a rock wall. x4
The komodo dragon bites you!!
You die...
Your body glows slightly and disappears.

#.......# ####.(.....#
F..#..(....### #....
.......(.....#### ## #....
.............l@.##.### ....
#...........*○☼*......##. #...
..............#.........####<..
...............#...............
...............................
...............................
>.................
..................
.............##...


You could see a komodo dragon (extremely poisoned, ally target).

Vanquished Creatures
  A two-headed ogre (D:9)
  A komodo dragon (D:7)
  A kobold demonologist (D:9)
  Sigmund (D:6)
  16 yaks
  2 steam dragons
  An acid dragon (D:9)
  A water moccasin (D:8)
  3 ice beasts
  2 orc warriors
  A sky beast (D:5)
  4 black bears
  5 centaurs
  3 ogres
  A phantom (D:7)
  Blork the orc (D:6)
  3 bullfrogs
  A necrophage (D:8)
  2 scorpions
  2 killer bees (D:9)
  2 howler monkeys
  5 orc priests
  9 hounds
  A gnoll shaman (D:4)
  2 jellies
  3 iguanas
  Natasha (thrice) (D:4)
  8 orc wizards
  8 gnolls
  13 adders
  A river rat (D:9)
  2 shadow imps (D:7)
  2 white imps
  3 ufetubi
  2 worms (D:2)
  6 dart slugs
  45 orcs
  7 ball pythons
  7 bats
  9 endoplasms
  4 giant cockroaches
  16 goblins
  8 hobgoblins
  3 quokkas
  A frilled lizard (D:1)
  9 kobolds
  6 rats
237 creatures vanquished.

Vanquished Creatures (others)
  A gnoll (D:6)
  6 fungi (D:6)
  26 plants (D:4)
33 creatures vanquished.

Grand Total: 270 creatures vanquished

Notes
Turn   | Place    | Note
-------+----------+-------------------------------------------
     0 | D:1      | Aelig the Kobold Brigand began the quest for the Orb.
     0 | D:1      | Reached XP level 1. HP: 12/12 MP: 1/1
    21 | D:1      | Found a faded altar of an unknown god.
   132 | D:1      | Reached XP level 2. HP: 17/17 MP: 2/2
   433 | D:1      | Reached XP level 3. HP: 21/21 MP: 3/3
  1189 | D:2      | Reached XP level 4. HP: 26/26 MP: 4/4
  1707 | D:2      | Found a shimmering blue altar of Sif Muna.
  1988 | D:2      | Reached XP level 5. HP: 30/30 MP: 5/5
  2285 | D:2      | Found a runed translucent door.
  2288 | D:2      | Noticed Crazy Yiuf
  2798 | D:3      | Found a shadowy altar of Dithmenos.
  2957 | D:3      | Found Nowkidao's Distillery.
  2962 | D:3      | Bought a potion of heal wounds for 50 gold pieces
  2962 | D:3      | Bought a potion of curing for 30 gold pieces
  3167 | D:3      | Found a sparkling altar of Nemelex Xobeh.
  3699 | D:3      | Became a worshipper of Nemelex Xobeh the Trickster
  3750 | D:4      | Reached skill level 5 in Throwing
  3765 | D:4      | Noticed an ogre
  3806 | D:4      | Killed an ogre
  3807 | D:4      | Reached skill level 5 in Short Blades
  3807 | D:4      | Reached XP level 6. HP: 35/35 MP: 6/6
  4084 | D:4      | Noticed Natasha
  4086 | D:4      | Killed Natasha
  4320 | D:4      | Reached XP level 7. HP: 36/40 MP: 7/7
  4447 | D:4      | Found a glowing silver altar of Zin.
  4538 | D:4      | Noticed Natasha
  4546 | D:4      | Killed Natasha
  4677 | D:5      | Entered Level 5 of the Dungeon
  4693 | D:4      | Noticed Natasha
  4703 | D:4      | Killed Natasha
  5000 | D:4      | Reached XP level 8. HP: 27/44 MP: 8/8
  5499 | D:5      | Found a broken altar of Ashenzari.
  5711 | D:5      | Reached * piety under Nemelex Xobeh
  6361 | D:6      | Noticed Blork the orc
  6458 | D:7      | Received a gift from Nemelex Xobeh
  6688 | D:7      | Reached XP level 9. HP: 43/48 MP: 9/9
  6961 | D:7      | Reached skill level 1 in Invocations
  7404 | D:7      | Noticed a komodo dragon
  7425 | D:7      | Killed a komodo dragon
  7482 | D:7      | Reached ** piety under Nemelex Xobeh
  8129 | D:10     | Entered Level 10 of the Dungeon
  9145 | D:8      | Reached XP level 10. HP: 37/56 MP: 13/13
  9192 | D:8      | Reached skill level 10 in Stealth
  9410 | D:8      | Received a gift from Nemelex Xobeh
  9531 | D:8      | Reached skill level 5 in Invocations
  9552 | D:8      | Reached skill level 5 in Fighting
  9552 | D:8      | Reached skill level 10 in Short Blades
 10144 | D:6      | Killed Blork the orc
 10202 | D:6      | Reached skill level 1 in Evocations
 10202 | D:6      | Noticed Sigmund
 10220 | D:6      | Killed Sigmund
 10744 | D:6      | Found a hazy altar of Hepliaklqana.
 10802 | D:6      | Found a staircase to the Ecumenical Temple.
 11005 | D:6      | Reached XP level 11. HP: 62/64 MP: 16/16
 11580 | D:9      | Reached *** piety under Nemelex Xobeh
 11617 | D:9      | Found a burning altar of Makhleb.
 11718 | D:9      | Received a gift from Nemelex Xobeh
 11749 | D:9      | Found a staircase to the Lair.
 12299 | D:9      | Noticed a two-headed ogre
 12389 | D:9      | Reached skill level 5 in Dodging
 12500 | D:9      | Found an ancient bone altar of Kikubaaqudgha.
 12525 | D:9      | Reached skill level 5 in Evocations
 12893 | D:9      | Killed a two-headed ogre
 12982 | D:9      | Found an iron altar of Okawaru.
 12982 | D:9      | Found a bloodstained altar of Trog.
 12983 | D:9      | Found a radiant altar of Vehumet.
 12983 | D:9      | Found a shimmering blue altar of Sif Muna.
 13091 | Lair:1   | Entered Level 1 of the Lair of Beasts
 13147 | Lair:1   | Mangled by a komodo dragon

Illustrated notes

Levels and vault maps discovered:
D:1:      dpeg_arrival_fog, layout_loops_ring, nicolae_ecumenical_lake_church
D:2:      layout_basic, basic_altar, uniq_crazy_yiuf_cottage
D:3:      layout_basic, mainiacjoe_overflow_cross_hatched,
          grunt_dithmenos_smoke_and_mirrors, serial_shops, shop_statue
D:4:      layout_loops_ring, overflow_temple_1_default, corexii_corridor_pit,
          nicolae_grassy_gnolls, uniq_natasha
D:5:      layout_basic, old_standard_altar
D:6:      layout_rooms, old_standard_altar, minmay_temple_entry_glassed_door,
          dreamdust_gnoll_farm, uniq_blork_the_orc, uniq_sigmund
D:7:      layout_layer_cave, enter_bailey_5, corexii_corridor_pit,
          grunt_ministairs_4, corexii_corridor_pit
D:8:      layout_basic
D:9:      layout_roguey, mainiacjoe_overflow_catwalk, kiku_gazebo_pond_becter,
          mainiacjoe_overflow_alcove_3, lair_entry_dummy
D:10:     layout_long_grid, uniq_grum
Lair:1:   layout_hall_layers

Skill      XL: |  1  2  3  4  5  6  7  8  9 10 11 |
---------------+----------------------------------+-----
Short Blades   | 3 4 5 6 7 9 10 | 10.0
Throwing       | 3 4 5 6 7 8 9 |  9.0
Stealth        | 6 8 9 10 | 10.0
Invocations    | 4 7 8 |  8.7
Fighting       | 4 5 6 |  6.0
Evocations     | 3 5 |  5.5
Dodging        | 3 5 |  5.7

Action                   |  1- 3 |  4- 6 |  7- 9 | 10-12 || total
-------------------------+-------+-------+-------+-------++-------
Melee: Dagger            |    59 |   151 |   356 |   257 ||   823
       Punch             |       |     4 |     2 |     4 ||    10
Throw: Stone             |     1 |    18 |    39 |    38 ||    96
       Dart              |       |     9 |    23 |    39 ||    71
       Boomerang         |       |       |       |     3 ||     3
Invok: Draw Destruction  |       |       |     2 |     8 ||    10
       Draw Escape       |       |       |     2 |       ||     2
  Use: Scroll            |       |     7 |     1 |    13 ||    21
       Potion            |       |       |     2 |       ||     2
 Stab: Sleeping          |    15 |    22 |    19 |     3 ||    59
       Distracted        |       |       |     2 |     1 ||     3
Armor: Robe              |    10 |    14 |       |       ||    24
       Ring mail         |       |    11 |    90 |    49 ||   150
Dodge: Dodged            |    24 |    71 |   230 |   128 ||   453

Table legend: (Time is in decaauts)
 A = Elapsed time spent in this place.
 B = Non-inter-level travel time spent in this place.
 C = Inter-level travel time spent in this place.
 D = Time resting spent in this place.
 E = Time spent auto-exploring this place.
 F = Levels seen in this place.
 G = Mean time per level.
                   A        B        C        D        E       F      G
               +--------+--------+--------+--------+--------+-----+--------+
         Total |  12829 |  12045 |    784 |   2029 |   6549 |  11 | 1166.3 |
       Dungeon |  12780 |  11996 |    784 |   2029 |   6549 |  10 | 1278.0 |
          Lair |     48 |     48 |      0 |      0 |      0 |   1 |   48.0 |
               +--------+--------+--------+--------+--------+-----+--------+

Top non-repeatable levels by time:
     D:8: 2170 daAuts
     D:7: 1913 daAuts
     D:9: 1573 daAuts
     D:4: 1520 daAuts
     D:2: 1494 daAuts
     D:1: 1083 daAuts
     D:3: 1056 daAuts
     D:5: 1055 daAuts
     D:6: 908 daAuts
  Lair:1: 48 daAuts
    D:10: 4 daAuts
